 Dungeon Crawl Stone Soup version 0.31.0-2-g5a2aebc5c2 (webtiles) character file.

Game seed: 12212162261826840942

14230 ssalbiz the Severer (level 11, 0/97 HPs)
             Began as a Minotaur Berserker on Jan 20, 2024.
             Was an Elder of Trog.
             Slain by a boulder beetle (8 damage)
             ... on level 10 of the Dungeon.
             The game lasted 00:12:30 (10767 turns).

ssalbiz the Severer (Minotaur Berserker)           Turns: 10767, Time: 00:12:31

Health: 0/97       AC: 11    Str: 25    XL:     11   Next: 86%
Magic:  10/10      EV: 19    Int:  4    God:    Trog [****..]
Gold:   726        SH:  0    Dex: 11    Spells: 10/10 levels left

rFire   . . .        b - +0 war axe
rCold   + . .        (no shield)
rNeg    . . .        C - +2 ring mail {rC+}
rPois   .            (helmet restricted)
rElec   .            u - +0 cloak
rCorr   .            (no gloves)
SInv    .            t - +0 pair of boots
Will    ++...        (no amulet)
Stlth   +            r - +4 ring of slaying
HPRegen 1.36/turn    y - +5 ring of evasion
MPRegen 0.12/turn

%: no passive effects
@: strong-willed, on berserk cooldown, regenerating, slowed, very slow
A: horns 2, retaliatory headbutt
a: Renounce Religion, Berserk, Trog's Hand, Brothers in Arms


You were on level 10 of the Dungeon.
You worshipped Trog.
Trog was greatly pleased with you.
You visited 1 branch of the dungeon, and saw 10 of its levels.

You collected 726 gold pieces.

Inventory:

Hand Weapons
 b - a +0 war axe (weapon)
Missiles
 v - 17 poisoned darts (quivered)
Armour
 t - a +0 pair of boots (worn)
 u - a +0 cloak (worn)
 C - a +2 ring mail of cold resistance (worn)
Jewellery
 r - a +4 ring of slaying (left hand)
 y - a +5 ring of evasion (right hand)
 E - a ring of resist corrosion
 H - a ring of protection from fire
Wands
 p - a wand of charming (11)
 A - a wand of roots (17)
 D - a wand of flame (15)
 F - a wand of polymorph (12)
Scrolls
 e - 3 scrolls of fear {unknown}
 f - 2 scrolls of torment {unknown}
 g - 2 scrolls of poison {unknown}
 i - a scroll of brand weapon {unknown}
 j - 4 scrolls of amnesia {unknown}
 k - 7 scrolls of identify {unknown}
 m - a scroll of blinking {unknown}
 n - 5 scrolls of teleportation {unknown}
 o - 3 scrolls of enchant armour {unknown}
 q - 2 scrolls of revelation {unknown}
 s - a scroll of butterflies {unknown}
 w - 3 scrolls of vulnerability {unknown}
Potions
 a - a potion of cancellation {unknown}
 c - a potion of brilliance {unknown}
 d - 2 potions of attraction {unknown}
 h - a potion of heal wounds {unknown}
 l - 3 potions of berserk rage {unknown}
 x - a potion of haste {unknown}
 z - 2 potions of magic {unknown}
 B - a potion of curing {unknown}
 G - 3 potions of invisibility {unknown}
 I - a potion of mutation {unknown}
 J - a potion of degeneration {unknown}


   Skills:
 + Level 9.3 Fighting
 + Level 17.8 Axes
 + Level 8.8 Armour
 + Level 8.0 Dodging


You had 10 spell levels left.
You didn't know any spells.
Your spell library was empty.

Dungeon Overview and Level Annotations

Branches:
Dungeon (10/15)            Temple (0/1) D:6            Lair (0/5) D:10
    Orc: D:9-12

Altars:
Dithmenos
Kikubaaqudgha
Makhleb
Nemelex Xobeh
Uskayaw
Zin
The Shining One

Shops:
D:2 =   D:3 =

Annotations:
D:6 1 runed translucent door, Crazy Yiuf


Innate Abilities, Weirdness & Mutations

You have a pair of horns on your head.
You reflexively headbutt those who attack you in melee.


Message History

Aiming: Fastroot
Press: ? - help, Shift-Dir - straight line, f/p - boulder beetle
Aim: a boulder beetle (lightly wounded, rolling, poisoned)
The roots erupt in riotous growth!
Roots grab the boulder beetle. x2; Roots grab the centaur warrior.
The grasping roots constrict the boulder beetle, but do no damage.
The grasping roots constrict the boulder beetle.
The grasping roots constrict the centaur warrior.
The boulder beetle struggles to escape constriction. x4
Unknown command.
The grasping roots constrict the boulder beetle!
The grasping roots constrict the boulder beetle, but do no damage.
The grasping roots constrict the centaur warrior.
The roots release their grip on the boulder beetle. x2
The boulder beetle looks more healthy.
The roots release their grip on the centaur warrior.
The boulder beetle curls into a ball and begins rolling!
The boulder beetle hits you!
* * * LOW HITPOINT WARNING * * *
The boulder beetle stops rolling and uncurls.
The boulder beetle attacks as it pursues you!
The boulder beetle bites you!!
* * * LOW HITPOINT WARNING * * *
The boulder beetle stops rolling and uncurls.
The boulder beetle attacks as it pursues you!
The boulder beetle completely misses you.
A centaur warrior opens the door.
The boulder beetle leaps!
The boulder beetle bites you!
* * * LOW HITPOINT WARNING * * *
Okay, then.
Your ogre goes berserk!
The boulder beetle misses you.
Your ogre hits the boulder beetle with a +0 giant club!!
The boulder beetle misses you.
You hit the boulder beetle but do no damage.
The boulder beetle is heavily wounded.
Your ogre hits the boulder beetle with a +0 giant club!!
The centaur warrior barely misses your ogre.
The centaur warrior kicks your ogre. The boulder beetle bites you!
You die...

.......+ . +.............#
.......# #l #..)..........#
.†.....# .### #.............#
.......# ..# #...)....^......
.......# #.# #...............
##'#########'#########'#####.....
#.#.#.###.B)..cO####.....###.....
..[....#.(#####B.##..[....##.....
#.#.#.##.# ##@#...###...#.....
.....:.#.# #.#..## ##..#.....
#.#.#.#'.# #.'..# #..'.....
.......#.# #.#..## ##..#.....
#.#.#.##.# ##.#...###...#.....
.......#..#####..##.......##.....
#.#.#.###.......####..)).###.....
##'#########'#########'#####.....
.......#...............).........


You could see a boulder beetle, a centaur warrior (ally target) and a friendly
ogre (summoned, berserk).

Vanquished Creatures
  An ogre mage (D:10)
  A centaur warrior (D:9)
  3 two-headed ogres
  An orc knight (D:10)
  A deep elf pyromancer (D:10)
  An ugly thing (D:9)
  Maurice (D:9)
  Joseph (D:7)
  A gargoyle (D:10)
  Maggie (D:7)
  An unseen horror (D:10)
  Jeremiah (D:7)
  A komodo dragon (D:10)
  2 kobold demonologists (D:10)
  A yaktaur (D:10)
  Psyche (D:9)
  3 trolls
  A hornet (D:4)
  A centaur simulacrum (D:10)
  2 shadows (D:10)
  A wraith (D:9)
  7 yaks (D:10)
  2 wyverns
  2 basilisks (D:10)
  A vampire mosquito (D:10)
  Menkaure (D:6)
  3 water moccasins
  An ice beast (D:5)
  3 orc warriors
  A black bear (D:8)
  5 ogres
  A centaur (D:5)
  3 phantoms
  A bullfrog (D:6)
  3 kobold brigands
  2 scorpions (D:7)
  A gnoll sergeant (D:7)
  3 wights (D:8)
  10 killer bees
  7 howler monkeys
  2 bombardier beetles (D:5)
  5 orc priests
  4 hounds
  Ijyb (D:4)
  Jessica (D:2)
  3 iguanas
  12 orc wizards
  3 gnolls (D:7)
  4 adders
  A white imp (D:7)
  4 ribbon worms
  A dart slug (D:2)
  51 orcs
  6 bats
  5 endoplasms
  4 giant cockroaches
  6 goblins
  9 hobgoblins
  12 jackals
  3 quokkas
  12 ball pythons
  2 frilled lizards
  24 kobolds
  3 rats (D:3)
262 creatures vanquished.

Notes
Turn   | Place    | Note
-------+----------+-------------------------------------------
     0 | D:1      | ssalbiz the Minotaur Berserker began the quest for the Orb.
     0 | D:1      | Reached XP level 1. HP: 19/19 MP: 0/0
   335 | D:1      | Reached skill level 4 in Axes
   397 | D:1      | Reached XP level 2. HP: 18/26 MP: 1/1
   544 | D:1      | Found a faded altar of an unknown god.
   910 | D:1      | Reached skill level 5 in Axes
   955 | D:1      | Reached XP level 3. HP: 27/31 MP: 2/2
  1081 | D:2      | Found Xaunwir's Jewellery Boutique.
  1212 | D:2      | Reached ** piety under Trog
  1318 | D:2      | Noticed Jessica
  1321 | D:2      | Killed Jessica
  1322 | D:2      | Reached skill level 6 in Axes
  1322 | D:2      | Reached XP level 4. HP: 25/39 MP: 3/3
  1659 | D:2      | Found a shadowy altar of Dithmenos.
  1843 | D:3      | Reached skill level 7 in Axes
  1843 | D:3      | Reached XP level 5. HP: 29/45 MP: 4/4
  1919 | D:3      | Found Liuj Juvuxki's Jewellery Shop.
  2693 | D:4      | Reached *** piety under Trog
  2763 | D:4      | Reached skill level 8 in Axes
  2855 | D:4      | Reached XP level 6. HP: 43/51 MP: 5/5
  2915 | D:4      | Noticed a hornet
  2924 | D:4      | Killed a hornet
  2925 | D:4      | Reached skill level 9 in Axes
  3125 | D:4      | Found a burning altar of Makhleb.
  3258 | D:4      | Noticed Ijyb
  3276 | D:4      | Killed Ijyb
  3277 | D:4      | Reached XP level 7. HP: 57/57 MP: 6/6
  3524 | D:4      | Reached skill level 10 in Axes
  4303 | D:5      | Entered Level 5 of the Dungeon
  4411 | D:5      | Found an ancient bone altar of Kikubaaqudgha.
  4443 | D:5      | Reached skill level 11 in Axes
  4623 | D:5      | Found a sparkling altar of Nemelex Xobeh.
  4866 | D:5      | Reached XP level 8. HP: 63/64 MP: 7/7
  4886 | D:5      | Reached skill level 12 in Axes
  5224 | D:6      | Found a staircase to the Ecumenical Temple.
  5247 | D:6      | Reached skill level 13 in Axes
  5466 | D:6      | Found a runed translucent door.
  5467 | D:6      | Noticed Crazy Yiuf
  5637 | D:6      | Found a glowing silver altar of Zin.
  5783 | D:6      | Noticed Menkaure
  5786 | D:6      | Killed Menkaure
  5920 | D:6      | Reached **** piety under Trog
  5921 | D:6      | Reached skill level 14 in Axes
  6239 | D:7      | Noticed Joseph
  6249 | D:7      | Killed Joseph
  6250 | D:7      | Reached XP level 9. HP: 70/70 MP: 8/8
  6434 | D:7      | Noticed Jeremiah
  6448 | D:7      | Killed Jeremiah
  6449 | D:7      | Reached skill level 15 in Axes
  6636 | D:7      | Noticed Maggie
  6655 | D:7      | Killed Maggie
  6656 | D:7      | Reached skill level 16 in Axes
  7102 | D:7      | Found a hide-covered altar of Uskayaw.
  7401 | D:8      | Reached XP level 10. HP: 67/80 MP: 9/9
  7593 | D:8      | Reached ***** piety under Trog
  7929 | D:8      | Reached skill level 5 in Fighting
  8333 | D:8      | Found a glowing golden altar of the Shining One.
  8664 | D:9      | Noticed Maurice
  8681 | D:9      | Something stole a ring of resist corrosion
  8682 | D:9      | Something stole 607 gold
  8693 | D:9      | Killed Maurice
  8823 | D:9      | Noticed Psyche
  8827 | D:9      | Killed Psyche
  8861 | D:9      | Noticed a red ugly thing
  8863 | D:9      | Noticed a centaur warrior
  8867 | D:9      | Killed a red ugly thing
  8868 | D:9      | Reached skill level 5 in Armour
  8874 | D:9      | Killed a centaur warrior
  8875 | D:9      | Reached skill level 5 in Dodging
  9178 | D:9      | Noticed a two-headed ogre
  9182 | D:9      | Killed a two-headed ogre
  9624 | D:9      | Reached skill level 17 in Axes
  9655 | D:10     | Entered Level 10 of the Dungeon
  9714 | D:10     | Reached XP level 11. HP: 81/92 MP: 10/10
  9758 | D:10     | Noticed a tengu warrior
  9758 | D:10     | Noticed a deep elf pyromancer
 10111 | D:10     | Noticed a two-headed ogre
 10137 | D:10     | Killed a two-headed ogre
 10139 | D:10     | Received a gift from Trog
 10465 | D:10     | Killed a deep elf pyromancer
 10490 | D:10     | Noticed a two-headed ogre
 10494 | D:10     | Killed a two-headed ogre
 10575 | D:10     | Identified the +1 ring mail of Zyj Kacke {rCorr Str+3}
 10603 | D:10     | Found a staircase to the Lair.
 10727 | D:10     | Noticed an ogre mage
 10729 | D:10     | Noticed an orc knight
 10743 | D:10     | Killed an ogre mage
 10750 | D:10     | Killed an orc knight
 10756 | D:10     | Noticed a boulder beetle
 10758 | D:10     | Noticed a boulder beetle
 10759 | D:10     | Noticed a centaur warrior
 10764 | D:10     | HP: 3/97 [boulder beetle (9)]
 10767 | D:10     | Slain by a boulder beetle

Illustrated notes

Levels and vault maps discovered:
D:1:      zelgadis_glass_arrival_small, layout_basic,
          chequers_ecumenical_altar_simple
D:2:      layout_rooms, basic_altar, serial_shops, nicolae_shop_stone,
          nicolae_hexahallways, minmay_close_crescents, uniq_jessica
D:3:      layout_rooms, serial_shops, nicolae_shop_getting_attention,
          kennysheep_generic_room_3
D:4:      layout_loops_corners, bloody_makhleb, kennysheep_nub,
          lightli_corner_chamber, uniq_ijyb
D:5:      layout_gridville, mainiacjoe_overflow_concentric_impassable,
          nicolae_kikubaaqudgha_miasma_corner
D:6:      layout_basic, marbit_many_paths, minmay_temple_entry_ruins,
          minmay_small_thing, uniq_menkaure, uniq_crazy_yiuf_cottage
D:7:      layout_basic, nicolae_overflow_crystal_walls, minmay_quadrilaterals,
          uniq_maggie, uniq_joseph, uniq_jeremiah
D:8:      layout_layer_cave, tso_oasis_becter, special_room [special_room_orc]
D:9:      layout_roguey, uniq_maurice, uniq_psyche
D:10:     minmay_the_grid_net [minmay_the_grid_mess,
          minmay_the_grid_broken_lines, minmay_the_grid_plusring,
          minmay_the_grid_outer_circle, minmay_the_grid_minigrid_small_alt,
          minmay_the_grid_prize_inner_circle], layout_irregular_city,
          mainiacjoe_overflow_alcove_3, david_lair_generic, serial_shops, shop,
          nicolae_the_louvre

Skill      XL: |  1  2  3  4  5  6  7  8  9 10 11 |
---------------+----------------------------------+-----
Axes           | 4 5 6 7 8 9 11 14 16 17 | 17.8
Fighting       | 4 7 9 |  9.3
Armour         | 3 6 8 |  8.8
Dodging        | 3 6 8 |  8.0

Action                     |  1- 3 |  4- 6 |  7- 9 | 10-12 || total
---------------------------+-------+-------+-------+-------++-------
  Melee: Hand axe          |    70 |   114 |    38 |       ||   222
         Headbutt          |     8 |    12 |    31 |    45 ||    96
         Punch             |       |     2 |     2 |     2 ||     6
         War axe           |       |       |   156 |   215 ||   371
  Throw: Dart              |       |       |       |    12 ||    12
 Invoke: Berserk           |       |     4 |     7 |     9 ||    20
         Trog's Hand       |       |     2 |     1 |     4 ||     7
         Brothers in Arms  |       |       |       |     1 ||     1
  Evoke: Wand              |       |       |       |     2 ||     2
   Stab: Sleeping          |       |     1 |       |       ||     1
 Armour: Animal skin       |    32 |    61 |    25 |       ||   118
         Scale mail        |       |       |    38 |       ||    38
         Ring mail         |       |       |    38 |   115 ||   153
  Dodge: Dodged            |    77 |    68 |    72 |   126 ||   343
